 Dungeon Crawl Stone Soup version 0.26-a0-694-g74916bafe0 (webtiles) character file.

Game seed: 9030218899396017995

4 Descartes the Grasshopper (level 1, -3/19 HPs)
             Began as a Naga Warper on Oct 25, 2020.
             Slain by a kobold
             ... wielding a +0 short sword
              (4 damage)
             ... on level 1 of the Dungeon.
             The game lasted 00:00:15 (92 turns).

Descartes the Grasshopper (Naga Warper)               Turns: 92, Time: 00:00:15

Health: -3/19      AC:  1    Str: 13    XL:     1   Next: 60%
Magic:  3/3        EV:  9    Int: 13    God:
Gold:   5          SH:  0    Dex: 10    Spells: 4/4 levels left

rFire    . . .     SeeInvis +   a - +0 falchion
rCold    . . .     Faith    .   (no shield)
rNeg     . . .     Spirit   .   b - +0 leather armour
rPois    +         Reflect  .   (no helmet)
rElec    .         Harm     .   (no cloak)
rCorr    .         Rampage  .   (no gloves)
MR       .....                  (no barding)
Stlth    +.........             (no amulet)
HPRegen  0.06/turn              (no ring)
MPRegen  0.08/turn              (no ring)

@: very slow
A: large, see invisible, deformed body, poison resistance, slowness 2, spit
poison 1, AC +0
a: Spit Poison


You were on level 1 of the Dungeon.
You visited 1 branch of the dungeon, and saw 1 of its levels.

You collected 5 gold pieces.

Inventory:

Hand Weapons
 a - a +0 falchion (weapon)
Missiles
 e - 5 boomerangs of dispersal (quivered)
Armour
 b - a +0 leather armour (worn)
Scrolls
 d - a scroll of blinking


   Skills:
 + Level 2.0 Fighting
 - Level 2.0 Long Blades
 - Level 0.8 Throwing
 + Level 0.9 Armour
 + Level 1.6 Dodging
 + Level 0.5 Stealth
 + Level 2.0 Spellcasting
   Level 3.0 Translocations


You had 4 spell levels left.
You didn't know any spells.
Your spell library contained the following spells:

 Spells                   Type           Power        Failure   Level
 Blink                    Tloc           N/A          14%         2
 Gell's Gravitas          Tloc           #.........   28%         3
 Lesser Beckoning         Tloc           #.........   28%         3
 Teleport Other           Tloc           #.......     28%         3
 Passage of Golubria      Tloc           N/A          67%         4


Dungeon Overview and Level Annotations

Branches:
Dungeon (1/15)

Altars:


Innate Abilities, Weirdness & Mutations

You cannot wear boots.
Your serpentine skin is tough. (AC +0)
You have supernaturally acute eyesight. (SInv)
Armour fits poorly on your strangely shaped body.
Your system is resistant to poisons. (rPois)
You cover ground very slowly.
You can spit poison.


Message History

The kobold hits you.
* * * LOW HITPOINT WARNING * * *
The kobold shouts!
You hit the kobold.
You kill the kobold!
You hit the kobold.
The kobold is moderately wounded.
The kobold barely misses you.
You riposte.
You hit the kobold.
The kobold is severely wounded.
You closely miss the kobold.
The kobold is severely wounded.
The kobold misses you.
You riposte.
You hit the kobold.
You kill the kobold!
The kobold closely misses you.
The kobold hits you with a +0 short sword.
* * * LOW HITPOINT WARNING * * *
You see here a kobold corpse.
You hit the kobold but do no damage.
The kobold hits you with a +0 short sword.
You die...

#...#.######
### #...#.#
#.. ♣♣#.###.#
#.# ....# #.#
#.# ....# #.#
#.# .♣### #.#
#.# ♣♣ #.#
#.# #####.#
#.# #.....#
##@## #.#####
####.K†# #.#
#..†.#......#
#.#
#.##...###.K.
#.#
##.###......
. #.#
##...#######.
#.#
#.........#
#.#
#....####.#
#.# #.#.##


You could see a kobold.

Vanquished Creatures
  A leopard gecko (D:1)
  A frilled lizard (D:1)
  2 kobolds (D:1)
4 creatures vanquished.

Notes
Turn   | Place    | Note
-------+----------+-------------------------------------------
     0 | D:1      | Descartes the Naga Warper began the quest for the Orb.
     0 | D:1      | Reached XP level 1. HP: 19/19 MP: 3/3
    92 | D:1      | Slain by a kobold

Illustrated notes

Levels and vault maps discovered:
D:1:      roderic_dead_forest, layout_loops_ring, st_stairs_14

Action                   || total
-------------------------++-------
Melee: Falchion          ||     9
Dodge: Dodged            ||     6
       Rpst.: Falchion   ||     2

Table legend: (Time is in decaauts)
 A = Elapsed time spent in this place.
 B = Non-inter-level travel time spent in this place.
 C = Inter-level travel time spent in this place.
 D = Time resting spent in this place.
 E = Time spent auto-exploring this place.
 F = Levels seen in this place.
 G = Mean time per level.
                   A        B        C        D        E       F      G
               +--------+--------+--------+--------+--------+-----+--------+
         Total |    117 |    117 |      0 |      0 |     99 |   1 |  117.0 |
       Dungeon |    117 |    117 |      0 |      0 |     99 |   1 |  117.0 |
               +--------+--------+--------+--------+--------+-----+--------+

Top non-repeatable levels by time:
     D:1: 117 daAuts
